 Dungeon Crawl Stone Soup version 0.20.1-1-g8b1a95d (webtiles) character file.

67 equalderp2856 the Shield-Bearer (level 3, -2/33 HPs)
             Began as a Minotaur Fighter on Sept 3, 2017.
             Slain by a gnoll
             ... wielding a +0 spear
              (4 damage)
             ... on level 2 of the Dungeon.
             The game lasted 00:01:41 (1296 turns).

equalderp2856 the Shield-Bearer (Minotaur Fighter)  Turns: 1296, Time: 00:01:43

Health: -2/33      AC:  8    Str: 20    XL:     3   Next: 98%
Magic:  2/2        EV:  8    Int:  5    God:
Gold:   134        SH:  9    Dex: 10    Spells: 2/2 levels left

rFire    . . .     SeeInvis .   a - +0 war axe
rCold    . . .     Gourm    .   c - +0 shield
rNeg     . . .     Faith    .   b - +0 scale mail
rPois    .         Spirit   .   (helmet restricted)
rElec    .         Reflect  .   (no cloak)
rCorr    .         Harm     .   g - +0 pair of gloves
MR       .....                  (no boots)
Stlth    ..........             (no amulet)
Regen    0.2/turn               (no ring)
MPRegen  0.1/turn               (no ring)

@: no status effects
A: retaliatory headbutt, horns 2
a: no special abilities


You were on level 2 of the Dungeon.
You were not hungry.

You visited 1 branch of the dungeon, and saw 2 of its levels.

You collected 134 gold pieces.

Inventory:

Hand Weapons
 a - a +0 war axe (weapon)
 m - a +2 hand axe of venom
Armour
 b - a +0 scale mail (worn)
 c - a +0 shield (worn)
 g - a +0 pair of gloves (worn)
Jewellery
 n - an uncursed ring of ice {unknown}
 t - an uncursed ring of poison resistance {unknown}
Wands
 v - a wand of confusion (24/48)
Scrolls
 e - 3 scrolls of identify
 j - 2 scrolls of teleportation {unknown}
 k - a scroll of blinking {unknown}
 o - 2 scrolls of fear {unknown}
 s - 4 scrolls of recharging {unknown}
 u - 4 scrolls of remove curse {unknown}
Potions
 d - 3 potions of might
 h - a potion of brilliance {unknown}
 i - a potion of invisibility {unknown}
 p - a potion of berserk rage {unknown}
 r - a potion of mutation {unknown}
Comestibles
 f - a bread ration
 l - 2 meat rations
 q - 2 fruits
 w - 2 chunks of flesh


   Skills:
 + Level 4.1 Fighting
 + Level 3.1 Axes
 + Level 4.1 Armour
 + Level 0.9 Dodging
 + Level 4.6 Shields


You had 2 spell levels left.
You didn't know any spells.

Dungeon Overview and Level Annotations

Branches:
Dungeon (2/15)

Altars:


Innate Abilities, Weirdness & Mutations

You reflexively headbutt those who attack you in melee.
You have a pair of horns on your head.


Message History

You are too injured to fight recklessly!
You are too injured to fight recklessly!
Unknown command.
You closely miss the gnoll. The gnoll closely misses you.
The gnoll hits you with a spear.
You hit the gnoll but do no damage. You block the gnoll's attack.
The gnoll closely misses you. You block the gnoll's attack.
The gnoll hits you with a spear.
* * * LOW HITPOINT WARNING * * *
You closely miss the gnoll. The gnoll barely misses you.
The gnoll hits you with a spear.
* * * LOW HITPOINT WARNING * * *
You hit the gnoll but do no damage.
The gnoll hits you from afar with a spear.
* * * LOW HITPOINT WARNING * * *
The gnoll barely misses you.
You slash the gnoll!
The gnoll is almost dead.
You block the gnoll's attack. The gnoll hits you with a spear.
You die...

..)......###.#.####
#..............#..#
#.......####.###..#
#.......# #..)...#
#.####### #####.##
#..#....# #.#
#....##.# #.#
##.####.# #.#
......).# #@#
#.#.##### #g# #...#
#g# ##### .g# ###


You could see 3 gnolls.

Vanquished Creatures
  Terence (D:2)
  A gnoll (D:2)
  A dart slug (D:1)
  4 bats
  2 giant cockroaches
  4 hobgoblins
  A quokka (D:2)
  A ball python (D:1)
  2 frilled lizards
  4 goblins
  2 kobolds (D:1)
  8 rats
31 creatures vanquished.

Notes
Turn   | Place    | Note
-------+----------+-------------------------------------------
     0 | D:1      | equalderp2856 the Minotaur Fighter began the quest for the Orb.
     0 | D:1      | Reached XP level 1. HP: 19/19 MP: 0/0
   217 | D:1      | Reached XP level 2. HP: 27/27 MP: 1/1
  1028 | D:2      | Reached XP level 3. HP: 33/33 MP: 2/2
  1100 | D:2      | Noticed Terence
  1103 | D:2      | Killed Terence
  1295 | D:2      | HP: 1/33 [gnoll/spear (6)]
  1296 | D:2      | Slain by a gnoll

Skill      XL: |  1  2  3 |
---------------+----------+-----
Shields        | 4 |  4.6
Fighting       | 4 |  4.1
Armour         | 4 |  4.1
Axes           | 3 |  3.1
Dodging        | |  0.9

Action                   || total
-------------------------++-------
Melee: War axe           ||    83
       Headbutt          ||     6
  Use: Scroll            ||     1
  Eat: Chunk             ||     1
Armor: Scale mail        ||    37
Dodge: Dodged            ||    37
Block: Shield            ||    53
